Map: [ESL] Hard Lead

Players

Firefly - Winner!

  • Race: Protoss Protoss
  • Spawn Location: 5:00

Cyan

  • Race: Protoss Protoss
  • Spawn Location: 11:00

Event: ESL SC2 Masters 2023 Winter (Regional)

VOD

Have the link to the VOD?

Description

Time

  • Played on: Oct. 29, 2023, 8 a.m.
  • Length: 6:17

All games in this series

Show
View Real Time Build Order
Export as new Build Order

Firefly Protoss - Winner!

Build Orders:  

Get SALT Encoding   

  12  0:00  Probe  
  13  0:12  Probe  
  14  0:18  Pylon  
  14  0:24  Probe  
  15  0:36  Gateway  
  15  0:38  Probe (Chrono Boost)  
  16  0:47  Probe (Chrono Boost)  
  16  0:48  Assimilator  
  17  0:52  Probe (Chrono Boost)  
  18  0:58  Assimilator  
  18  1:04  Probe (Chrono Boost)  
  18  1:06  Pylon  
  19  1:16  Probe (Chrono Boost)  
  20  1:20  Probe (Chrono Boost)  
  20  1:24  Cybernetics Core  
  21  1:28  Zealot  
  23  1:34  Probe  
  24  1:46  Probe  
  25  1:58  Probe  
  26  2:01  Adept (Chrono Boost)  
  26  2:03  Warp Gate  
  28  2:11  Robotics Facility  
  28  2:22  Stalker (Chrono Boost)  
  28  2:27  Pylon  
  29  2:42  Gateway  
  29  2:47  Gateway  
  29  2:52  Stalker  
  29  2:57  Shield Battery  
  29  2:58  Gateway  
  31  3:09  Warp Prism (Chrono Boost)  
  27  3:43  Immortal (Chrono Boost)  
  31  3:56  Adept x3, Pylon  
  35  4:15  Immortal  
  39  4:25  Sentry x3  
  39  4:26  Pylon  
  45  4:53  Adept x3  
  51  5:12  Pylon  
  51  5:22  Adept x2  
  53  5:36  Stalker  
  53  5:44  Stalker  
  49  6:03  Stalker x2  
  51  6:09  Adept  
Show
View Real Time Build Order
Export as new Build Order

Cyan Protoss 

Build Orders: Oracle Opening 

Get SALT Encoding   

  12  0:00  Probe  
  13  0:12  Probe  
  14  0:18  Pylon  
  14  0:24  Probe (Chrono Boost)  
  15  0:36  Probe (Chrono Boost)  
  15  0:38  Gateway  
  16  0:45  Probe (Chrono Boost)  
  16  0:46  Assimilator  
  17  0:51  Probe  
  17  0:56  Assimilator  
  18  1:03  Probe  
  19  1:09  Gateway  
  19  1:15  Probe  
  20  1:26  Cybernetics Core  
  20  1:27  Probe  
  21  1:37  Pylon  
  21  1:39  Probe  
  22  1:51  Probe  
  23  2:03  Stargate  
  23  2:04  Adept (Chrono Boost)  
  25  2:08  Adept (Chrono Boost)  
  27  2:17  Pylon  
  27  2:20  Warp Gate  
  27  2:28  Probe  
  28  2:46  Oracle (Chrono Boost)  
  31  2:53  Shield Battery  
  31  2:58  Stalker  
  32  3:05  Stalker  
  34  3:24  Nexus  
  34  3:30  Pylon  
  34  3:42  Robotics Facility  
  34  3:48  Shield Battery, Probe  
  34  4:00  Probe  
  35  4:07  Shield Battery  
  35  4:11  Pylon  
  35  4:12  Probe  
  35  4:13  Stalker  
  38  4:26  Probe  
  38  4:31  Stalker, Pylon  
  41  4:41  Immortal (Chrono Boost)  
  45  4:49  Probe  
  46  4:54  Phoenix  
  46  4:59  Probe  
  49  5:01  Sentry  
  51  5:07  Shield Battery  
  51  5:20  Warp Prism (Chrono Boost)  
  53  5:25  Stalker  
  55  5:41  Stalker  
  43  5:50  Sentry  
  40  6:05  Stalker  
Tags
 
Add a new tag
Caveats
  • Supply blocks, unpowered buildings, or Contaminate may cause inaccurate times.
  • Supply counts are checked every 10 seconds.